 Dungeon Crawl Stone Soup version 0.21.0-3-g78d12a8 (webtiles) character file.

1102 MTVSty1e the Cleaver (level 8, -1/64 HPs)
             Began as a Minotaur Berserker on Jan 10, 2018.
             Was an Elder of Trog.
             Slain by an ogre
             ... wielding a +0 giant club
              (23 damage)
             ... on level 6 of the Dungeon.
             The game lasted 00:06:45 (4116 turns).

MTVSty1e the Cleaver (Minotaur Berserker)           Turns: 4116, Time: 00:06:46

Health: -1/64      AC:  7    Str: 24    XL:     8   Next: 10%
Magic:  7/7        EV: 10    Int:  4    God:    Trog [****..]
Gold:   110        SH:  0    Dex: 10    Spells: 7/7 levels left

rFire    . . .     SeeInvis .   z - +1 war axe (holy)
rCold    . . .     Gourm    .   (no shield)
rNeg     . . .     Faith    .   m - +0 scale mail
rPois    .         Spirit   .   (helmet restricted)
rElec    .         Reflect  .   (no cloak)
rCorr    .         Harm     .   u - +0 pair of gloves
MR       .....                  (no boots)
Stlth    ..........             (no amulet)
HPRegen  0.20/turn              (no ring)
MPRegen  0.10/turn              (no ring)

@: flying
A: retaliatory headbutt, horns 2
a: Berserk, Trog's Hand, Brothers in Arms, Burn Spellbooks, Renounce Religion


You were on level 6 of the Dungeon.
You worshipped Trog.
Trog was greatly pleased with you.
You were hungry.

You visited 1 branch of the dungeon, and saw 6 of its levels.

You collected 272 gold pieces.
You spent 162 gold pieces at shops.

Inventory:

Hand Weapons
 a - a +0 hand axe
 z - a +1 war axe of holy wrath (weapon)
Armour
 b - a +0 animal skin
 j - a +0 leather armour
 m - a +0 scale mail (worn)
 u - a +0 pair of gloves (worn)
Wands
 r - a wand of flame (18)
 t - a wand of acid (7)
 C - a wand of polymorph (8)
Scrolls
 e - 2 scrolls of fear {unknown}
 f - 3 scrolls of magic mapping {unknown}
 h - 3 scrolls of remove curse {unknown}
 k - 4 scrolls of identify {unknown}
 l - a scroll of fog {unknown}
 n - 3 scrolls of noise {unknown}
 o - 5 scrolls of amnesia {unknown}
 p - a scroll of enchant weapon {unknown}
 y - a scroll of random uselessness {unknown}
 A - a scroll of enchant armour {unknown}
Potions
 d - a potion of heal wounds {unknown}
 g - 7 potions of curing
 i - 2 potions of flight
 q - a potion of agility {unknown}
 s - a potion of mutation {unknown}
 v - a potion of might {unknown}
 w - 2 potions of degeneration {unknown}
 B - a potion of brilliance {unknown}
Books
 x - a book of Minor Magic

   Spells                             Type                      Level
   a - Magic Dart                     Conjuration                  1
   b - Blink                          Translocation                2
   c - Call Imp                       Summoning                    2
   d - Slow                           Hexes                        2
   e - Conjure Flame                  Conjuration/Fire             3
   f - Mephitic Cloud                 Conjuration/Poison/Air       3
   Trog disapproves of the use of such an item.
Comestibles
 c - 4 rations


   Skills:
 - Level 3.6 Fighting
 + Level 11.7 Axes
 - Level 2.4 Armour
 - Level 2.1 Dodging


You had 7 spell levels left.
You didn't know any spells.

Dungeon Overview and Level Annotations

Branches:
Dungeon (6/15)
 Temple: D:4-7

Altars:
Ashenzari
Cheibriados
Dithmenos
Gozag
Zin
The Shining One

Shops:
D:5 (

Annotations:
D:6 Edmund


Innate Abilities, Weirdness & Mutations

You reflexively headbutt those who attack you in melee.
You have a pair of horns on your head.


Message History

The phantom blinks!
You hit the phantom but do no damage.
The phantom is severely damaged.
You barely miss the phantom.
The phantom is severely damaged.
The phantom blinks!
The orc priest invokes the aid of Beogh against you.
Beogh smites you!
You hear a shout! x2
You are too injured to fight recklessly!
An orc comes into view. It is wielding a short sword.
The orc shouts!
The phantom hits you!
The orc priest hits you but does no damage.
An ogre comes into view. It is wielding a giant club.
It was a potion of flight.
You feel very buoyant.
You fly up into the air.
The phantom completely misses you. The ogre hits you with a giant club!!
You die...

... ........ ####...
......#...... ......##
#.....#.....
.........##.....#...o
......#.........#... .
..............@.+.. ..
................#.# #...
...............O#.#.O...
................@o.....#
...............W).......
########................
.# #........#.......
.#######........###.....
.##...........### .....
........##........ ....
........##........ ....
........##......... .##


You could see Edmund, a phantom, 2 ogres, an orc priest and an orc.

Vanquished Creatures
  Sigmund (D:3)
  A sky beast (D:5)
  3 ogres
  A centaur (D:5)
  A centaur zombie (D:5)
  A crimson imp (D:6)
  A centaur skeleton (D:4)
  A jelly (D:6)
  2 hounds
  An iguana (D:4)
  2 orc wizards
  4 worker ants
  A worker ant zombie (D:5)
  7 adders
  2 shadow imps (D:5)
  2 oozes
  3 worms
  2 leopard geckos (D:2)
  6 orcs
  5 bats
  5 giant cockroaches
  3 goblins
  4 hobgoblins
  9 jackals
  9 kobolds
  6 quokkas
  2 ball pythons
  A frilled lizard (D:3)
  A giant cockroach zombie (D:6)
  A quokka skeleton (D:4)
  5 rats
93 creatures vanquished.

Notes
Turn   | Place    | Note
-------+----------+-------------------------------------------
     0 | D:1      | MTVSty1e the Minotaur Berserker began the quest for the Orb.
     0 | D:1      | Reached XP level 1. HP: 19/19 MP: 0/0
    58 | D:1      | Reached skill level 4 in Axes
   137 | D:1      | Reached XP level 2. HP: 23/26 MP: 1/1
   322 | D:1      | Reached skill level 5 in Axes
   779 | D:2      | Reached ** piety under Trog
   787 | D:2      | Reached XP level 3. HP: 5/31 MP: 2/2
  1361 | D:2      | Found a glowing golden altar of the Shining One.
  1770 | D:3      | Reached XP level 4. HP: 31/39 MP: 3/3
  1776 | D:3      | Reached skill level 6 in Axes
  1822 | D:3      | Noticed Sigmund
  1942 | D:3      | Killed Sigmund
  1942 | D:3      | Reached skill level 8 in Axes
  1942 | D:3      | Reached XP level 5. HP: 45/45 MP: 4/4
  2144 | D:3      | Found a shadowy altar of Dithmenos.
  2313 | D:3      | Found a glowing silver altar of Zin.
  2373 | D:4      | Reached *** piety under Trog
  2373 | D:4      | Reached XP level 6. HP: 43/51 MP: 5/5
  2673 | D:4      | Reached skill level 9 in Axes
  2778 | D:5      | Entered Level 5 of the Dungeon
  2793 | D:5      | Reached XP level 7. HP: 57/57 MP: 6/6
  2877 | D:5      | Found an opulent altar of Gozag.
  2894 | D:5      | Reached skill level 10 in Axes
  3228 | D:5      | Found Tonin's Antique Weapon Boutique.
  3231 | D:5      | Bought a runed war axe for 162 gold pieces
  3295 | D:5      | Reached skill level 11 in Axes
  3394 | D:5      | Found a shattered altar of Ashenzari.
  3961 | D:6      | Found a snail-covered altar of Cheibriados.
  3991 | D:6      | Reached XP level 8. HP: 61/64 MP: 7/7
  4108 | D:6      | Reached **** piety under Trog
  4111 | D:6      | Noticed Edmund
  4116 | D:6      | Slain by an ogre

Skill      XL: |  1  2  3  4  5  6  7 |
---------------+----------------------+-----
Axes           | 4 5 8 9 11 | 11.7
Fighting       | |  3.6
Armour         | |  2.4
Dodging        | |  2.1

Action                   |  1- 3 |  4- 6 |  7- 9 || total
-------------------------+-------+-------+-------++-------
Melee: Hand axe          |    83 |    83 |    47 ||   213
       Headbutt          |     9 |    21 |    19 ||    49
       War axe           |       |       |    43 ||    43
Invok: Berserk           |     1 |     1 |       ||     2
       Burn Spellbooks   |       |     1 |       ||     1
  Use: Potion            |     1 |       |     1 ||     2
 Stab: Sleeping          |     1 |       |       ||     1
  Eat: Ration            |     1 |     1 |     1 ||     3
       Chunk             |       |       |     1 ||     1
Armor: Animal skin       |    19 |       |       ||    19
       Leather armour    |     9 |       |       ||     9
       Scale mail        |     4 |    28 |    28 ||    60
Dodge: Dodged            |    56 |    44 |    28 ||   128
